 Dungeon Crawl Stone Soup version 0.20.1-1-g8b1a95d (webtiles) character file.

417 pstr the Magician (level 6, -2/29 HPs)
             Began as a Spriggan Earth Elementalist on Jan 4, 2018.
             Slain by Pikel
             ... wielding a +1 whip of freezing
              (11 damage)
             ... on level 4 of the Dungeon.
             The game lasted 00:11:08 (5488 turns).

pstr the Magician (Spriggan Earth Elementalist)     Turns: 5488, Time: 00:11:09

Health: -2/29      AC:  2    Str:  4    XL:     6   Next: 61%
Magic:  1/14       EV: 25    Int: 18    God:
Gold:   208        SH:  0    Dex: 22    Spells: 11/15 levels left

rFire    . . .     SeeInvis +   b - +0 rapier
rCold    . . .     Gourm    .   (shield restricted)
rNeg     . . .     Faith    .   c - +0 robe
rPois    .         Spirit   .   (helmet restricted)
rElec    .         Reflect  .   (no cloak)
rCorr    .         Harm     .   (gloves unavailable)
MR       +....                  (boots unavailable)
Stlth    ++++......             (no amulet)
Regen    0.1/turn               (no ring)
MPRegen  0.2/turn               (no ring)

@: agile, very quick
A: unfitting armour, see invisible, herbivore 3, speed 3, slow metabolism 2
a: no special abilities


You were on level 4 of the Dungeon.
You were near starving.

You visited 1 branch of the dungeon, and saw 4 of its levels.

You collected 208 gold pieces.

Inventory:

Hand Weapons
 b - a +0 rapier (weapon)
Missiles
 t - 29 stones (quivered)
 w - 56 arrows
Armour
 c - a +0 robe (worn)
 n - a +0 leather armour
 s - a +0 leather armour
Jewellery
 o - a cursed ring of teleportation {unknown}
 q - a +3 amulet of reflection {unknown}
Wands
 y - a wand of disintegration (9/24)
Scrolls
 f - 5 scrolls of remove curse {unknown}
 g - 4 scrolls of identify {unknown}
 h - a scroll of immolation {unknown}
 i - a scroll of magic mapping {unknown}
 l - a scroll of enchant armour {unknown}
 m - 6 scrolls of teleportation {unknown}
 u - 2 scrolls of amnesia {unknown}
 v - a scroll of blinking {unknown}
 x - a scroll of noise {unknown}
Books
 e - a book of Geomancy

   Spells                             Type                      Level
   a - Sandblast                      Earth                        1
   b - Passwall                       Transmutation/Earth          2
   c - Stone Arrow                    Conjuration/Earth            3
   d - Petrify                        Transmutation/Earth          4
   e - Lee's Rapid Deconstruction     Earth                        5
Comestibles
 a - a royal jelly
 d - 4 bread rations


   Skills:
 + Level 0.4 Fighting
 + Level 1.0 Short Blades
 + Level 3.8 Dodging
 + Level 4.1 Stealth
 + Level 5.3 Spellcasting
 + Level 1.3 Conjurations
   Level 1.3 Transmutations
 + Level 4.7 Earth Magic


You had 11 spell levels left.
You knew the following spells:

 Your Spells              Type           Power        Failure   Level  Hunger
a - Sandblast             Erth           ###...       1%          1    None
b - Stone Arrow           Conj/Erth      ###...       11%         3    ##.....


Dungeon Overview and Level Annotations

Branches:
Dungeon (4/15)
 Temple: D:4-7

Altars:

Shops:
D:4 =

Annotations:
D:4 Pikel


Innate Abilities, Weirdness & Mutations

You are very small and have problems with some larger weapons.
You are too small for most types of armour.
You have supernaturally acute eyesight. (SInv)
You are a herbivore.
You cover ground extremely quickly.
You need consume almost no food.


Message History

Aiming: Sandblast
Press: ? - help, Shift-Dir - straight line, f/p - Pikel
Aim: Pikel, wielding a whip of freezing, wearing a robe and carrying a wand of polymorph (?/24) {zapped: 9} (severely wounded)
The blast of sand hits Pikel.
Pikel is almost dead.
t - 29 stones Pikel hits you with a whip of freezing.
Pikel freezes you.
You hit Pikel but do no damage.
Pikel is almost dead.
Pikel barely misses you.
You hit Pikel but do no damage.
Pikel is almost dead.
Pikel closely misses you.
You closely miss Pikel.
Pikel is almost dead.
Pikel zaps a wand.
Nothing appears to happen.
You closely miss Pikel.
Pikel is almost dead.
Pikel hits you with a whip of freezing!
You die...

###§§§###≈.≈###≈.# #. # #≈.≈#
#≈.≈# #≈.# #. ###≈.§###≈.§###§.#
####. ≈≈§§.≈≈≈≈≈§≈§§§≈.#####
#.... .§§...§..§..§§§......#
#.### ≈≈≈≈.≈§§§≈.≈§≈≈≈p###.# #.#
###≈.≈# #≈.≈###≈p###.########.###
# #§.≈# #≈.≈# #§K##......##......
###≈)§###§§≈###§@#...#.#.##.#.###
§§≈≈.≈≈§≈≈.≈§§§§§.#...#..##.#^...
.......).§§..§§..#..#..#.##.####.
≈≈≈≈.≈≈≈≈§.§§§§≈.##.#.##.##.# #.
###≈.≈###≈§≈###≈.#.......##.####.
# #≈§≈# #§§≈# #≈......#####......
###≈§§###≈.§###≈....#............
≈≈≈§§§§≈≈§§§≈§≈≈.....#######.....
§§.§§§...§.§§...§..#.# #.....


You could see Pikel and 2 slaves.

Vanquished Creatures
  A vampire bat (D:3)
  2 hounds (D:4)
  An iguana (D:4)
  2 worker ants (D:4)
  7 adders
  2 oozes
  2 worms
  2 dart slugs (D:1)
  3 fire bats (D:3)
  2 leopard geckos
  11 orcs
  2 spectral bats (D:3)
  3 bat skeletons (D:3)
  A bat zombie (D:3)
  3 giant cockroaches
  11 goblins
  4 hobgoblins
  4 kobolds
  2 quokkas
  17 bats
  A bat simulacrum (D:3)
  2 frilled lizards (D:2)
  A leopard gecko skeleton (D:4)
  A quokka skeleton (D:4)
  5 rats
92 creatures vanquished.

Notes
Turn   | Place    | Note
-------+----------+-------------------------------------------
     0 | D:1      | pstr the Spriggan Earth Elementalist began the quest for the Orb.
     0 | D:1      | Reached XP level 1. HP: 9/9 MP: 5/5
   178 | D:1      | Reached XP level 2. HP: 13/13 MP: 3/6
   920 | D:2      | Reached skill level 3 in Spellcasting
  1035 | D:2      | Reached XP level 3. HP: 16/16 MP: 5/8
  1817 | D:3      | Reached XP level 4. HP: 21/21 MP: 5/10
  1822 | D:3      | Learned a level 3 spell: Stone Arrow
  3239 | D:3      | Reached skill level 4 in Spellcasting
  3258 | D:3      | Reached XP level 5. HP: 24/24 MP: 0/12
  4188 | D:4      | Found Hidyom's Jewellery Shoppe.
  4419 | D:4      | Reached XP level 6. HP: 28/28 MP: 10/14
  4463 | D:4      | Reached skill level 1 in Short Blades
  4493 | D:4      | Reached skill level 1 in Conjurations
  5039 | D:4      | Reached skill level 5 in Spellcasting
  5358 | D:4      | Noticed a slave
  5360 | D:4      | Noticed a slave
  5361 | D:4      | Noticed Pikel
  5362 | D:4      | Noticed a slave
  5362 | D:4      | Noticed a slave
  5396 | D:4      | HP: 1/29 [ooze (2)]
  5488 | D:4      | Slain by Pikel

Skill      XL: |  1  2  3  4  5  6 |
---------------+-------------------+-----
Earth Magic    | 3 4 |  4.7
Spellcasting   | 3 4 5 |  5.3
Short Blades   | 1 |  1.0
Stealth        | 4 |  4.1
Conjurations   | 1 |  1.3
Fighting       | |  0.4
Dodging        | |  3.8
Transmutations | |  1.3

Action                   |  1- 3 |  4- 6 || total
-------------------------+-------+-------++-------
Melee: Rapier            |       |    30 ||    30
 Cast: Sandblast         |    54 |    37 ||    91
       Stone Arrow       |       |    61 ||    61
  Use: Potion            |       |     6 ||     6
  Eat: Bread ration      |       |     1 ||     1
Armor: Robe              |       |     9 ||     9
Dodge: Dodged            |    18 |    92 ||   110
